 Dungeon Crawl Stone Soup version 0.17-a0-1403-g9df874c (webtiles) character file.

333719 WhatIsLove the Executioner (level 21, -7/195 HPs)
             Began as a Hill Orc Fighter on June 20, 2015.
             Was the Champion of Beogh.
             Mangled by a ghostly salamander firebrand
             ... wielding a +0 great mace of flaming
              (23 damage)
             ... in the Vestibule of Hell.
             The game lasted 04:25:14 (44182 turns).

WhatIsLove the Executioner (Hill Orc Fighter)      Turns: 44182, Time: 04:25:15

Health: -7/195     AC: 47    Str: 24    XL:     21   Next: 82%
Magic:  43/43      EV: 18    Int:  8    God:    Beogh [******]
Gold:   2752       SH:  0    Dex: 24    Spells: 0 memorised, 20 levels left

rFire  . . .     SeeInvis .     Y - +9 executioner's axe (flame)
rCold  + . .     Clarity  .     N - +13 plate armour of Zoti {Str+3}
rNeg   . . .     SustAt   .     (no shield)
rPois  +         Gourm    .     m - +2 hat {MR+}
rElec  .         Spirit   .     r - +2 cloak {rPois}
rCorr  +         Warding  .     P - +2 pair of fencer's gloves {LBl+4 SBl+4 EV+3 Dex+6}
rMut   .         Stasis   .     g - +2 pair of boots of Pathos {MR+ rCorr Dex+2}
MR     +++..                    b - amulet "Zeahogh" {+Rage rF+ MP+9}
Stlth  ..........               F - ring "Eprif" {Ice Slay+5}
                                j - +4 ring of slaying

@: drained, extremely resistant to hostile enchantments, extremely unstealthy
A: walk on water, weak 1
a: Smiting, Recall Orcish Followers, Give Item to Named Follower, Renounce
Religion, Evoke Berserk Rage
}: 2/15 runes: decaying, gossamer


You were in the Vestibule of Hell.
You worshipped Beogh.
Beogh was exalted by your worship.
You were not hungry.

You visited 9 branches of the dungeon, and saw 44 of its levels.
You visited the Abyss 1 time.
You also visited: Ossuary and Ice Cave.

You collected 6213 gold pieces.
You spent 3285 gold pieces at shops.

Inventory:

Hand weapons
 i - a +0 vampiric battleaxe
 n - a +2 battleaxe of freezing
 V - a +0 battleaxe of draining
 Y - a +9 executioner's axe of flaming (weapon)
Missiles
 s - 5 throwing nets (quivered)
Armour
 g - the +2 pair of boots of Pathos (worn) {MR+ rCorr Dex+2}
   (You bought it in a shop on level 6 of the Dungeon)

   It affects your dexterity (+2).
   It affects your resistance to hostile enchantments.
   It protects you from acid and corrosion.
 m - a +2 hat of magic resistance (worn)
 r - a +2 cloak of poison resistance (worn)
 v - a +2 large shield
 N - the +13 plate armour of Zoti (worn) {Str+3}
   (You found it on level 3 of the Elven Halls)

   It affects your strength (+3).
 P - the +2 pair of fencer's gloves (worn) {LBl+4 SBl+4 EV+3 Dex+6}
   (You found it on level 6 of the Dungeon)

   It affects your evasion (+3).
   It affects your dexterity (+6).
Rods
 S - a +9 rod of shadows (13/13)
   (You found it on level 14 of the Dungeon)
Jewellery
 b - the amulet "Zeahogh" (around neck) {+Rage rF+ MP+9}
   (You found it on level 3 of the Elven Halls)

   [amulet of rage]

   It protects you from fire.
   It affects your magic capacity (+9).
   It lets you go berserk.
 j - a +4 ring of slaying (left hand)
 o - the ring "Sommowkim" {rF+ Dex+2}
   (You found it on level 4 of the Swamp)

   [ring of dexterity]

   It affects your dexterity (+2).
   It protects you from fire.
 B - an uncursed amulet of warding
 F - the ring "Eprif" (right hand) {Ice Slay+5}
   (You found it on level 3 of the Elven Halls)

   [ring of ice]

   It enhances your ice magic, and weakens your fire magic.
   It affects your accuracy and damage with ranged weapons and melee attacks
   (+5).
   It makes you vulnerable to fire.
   It protects you from cold.
 G - the amulet of Netaagu {Spirit rElec rC+ Int-5 SInv}
   (You found it in an ice cave)

   [amulet of guardian spirit]

   It causes incoming damage to be split between your health and magic.
   It affects your intelligence (-5).
   It protects you from cold.
   It insulates you from electricity.
   It lets you see invisible.
Magical devices
 l - a wand of draining (11)
 L - a wand of digging (17)
 R - a wand of teleportation (7)
Scrolls
 h - 6 scrolls of teleportation
 p - 3 scrolls of enchant armour
 q - 9 scrolls of remove curse
 y - 7 scrolls of fog
 E - 8 scrolls of recharging
 H - 3 scrolls of immolation
 I - 13 scrolls of identify
 M - 2 scrolls of enchant weapon
 Z - 9 scrolls of magic mapping
Potions
 d - 7 potions of might
 k - 20 potions of curing
 t - 7 potions of ambrosia
 z - a potion of invisibility
 A - 4 potions of agility
 J - 5 potions of heal wounds
 K - a potion of flight
 W - a potion of resistance
 X - a potion of cancellation
Miscellaneous
 f - an ornate deck of changes {drawn: 4}
 D - a legendary deck of summoning {drawn: 5}
Comestibles
 a - 19 royal jellies
 e - 27 bread rations
 w - 13 fruits
 T - 16 meat rations


   Skills:
 + Level 18.5(18.3) Fighting
   Level 1.5(5.4) Long Blades
 + Level 22.5(22.2) Axes
 * Level 17.6(17.4) Armour
 + Level 9.1(9.0) Dodging
 + Level 12.8(12.6) Shields
 * Level 19.1(18.9) Invocations
 * Level 11.0(10.8) Evocations


You had 20 spell levels left.
You didn't know any spells.

Dungeon Overview and Level Annotations

Branches:
Dungeon (15/15)            Temple (0/1) D:7            Lair (8/8) D:9
  Swamp (4/4) Lair:4       Spider (4/4) Lair:4        Slime (0/6) Lair:6
    Orc (4/4) D:10            Elf (3/3) Orc:3        Vaults (4/5) D:13
  Crypt (0/3) Vaults:2     Depths (1/5) D:15           Hell (1/1)
    Dis (0/7) Hell            Coc (0/7) Hell
    Geh: Hell:1         Tar: Hell:1

Altars:
Dithmenos
Fedhas
Gozag
Kikubaaqudgha
Makhleb
Nemelex Xobeh
Okawaru
Yredelemnul
Beogh
Jiyva

Shops:
D:5 %   D:6 [[[   D:10 %[[   Orc:2 =   Orc:4 *:**:   Elf:1 (   Elf:2 :
Vaults:4 *

Portals:
Hell: Depths:1
Abyss: Depths:1

Annotations:
Lair:4 exclusion: oklob plant
Elf:2 exclusion: 2 orc knights
Vaults:3 exclusion: obsidian statue
Hell Geryon


Innate Abilities, Weirdness & Mutations

You can walk on water.
You are weak. (Str -2)


Message History

Unknown command.
Unknown command.
Unknown command.
Unknown command.
Unknown command.
Unknown command.
Evoke which item? (* to show all) (? for menu, Esc to quit)
You draw a card...
It is the Rangers.
You are engulfed in roaring flames.
* * * LOW HITPOINT WARNING * * *
The salamander firebrand hits you but does no damage.
The salamander firebrand hits your vampire mosquito with a battleaxe of flaming!
The air around your vampire mosquito erupts in flames!
The salamander firebrand burns your vampire mosquito.
Your vampire mosquito is destroyed!
Your vampire mosquito's corpse disappears in a puff of smoke!
The salamander firebrand hits your centaur warrior but does no damage.
The ghostly salamander firebrand hits you with a great mace of flaming!
* * * LOW HITPOINT WARNING * * *
The air around you erupts in flames!
You die...

≈.....N.§.2.2..........
≈.......................
§.≈......................
§≈.h.....................
≈...h....................
.........................
≈.........N..............
......hNN§c..............
.......No§...............
......§Nc§...............
.......§§§...............
.......§§§...............
............o............
.........................
...........ooo...........
............ooo..........
.........).[.............


You could see 3 salamander firebrands, a ghostly salamander firebrand, 3 hell
hounds, the friendly Blodwig the orc warlord, the friendly Orkrul the orc
warlord, the friendly Wulfoc the orc warlord, a friendly naga sharpshooter, a
friendly orc knight (frenzied), the friendly Borgoth the orc knight (frenzied),
the friendly Garbold the orc knight (frenzied), the friendly Wulfoc the orc
knight (frenzied) and 2 friendly centaur warriors.

Vanquished Creatures
  Xtahua (Vaults:3)
  A tentacled monstrosity (Vaults:2)
  Asterion (Spider:2)
  A sphinx (Vaults:1)
  Murray (Hell)
  An Executioner (Abyss:1)
  Gastronok (Lair:2)
  3 tentacled starspawn (Abyss:1)
  A thorn hunter (Swamp:4)
  A fire giant (Vaults:4)
  A cacodemon (Hell)
  5 vault wardens
  An emperor scorpion (Spider:4)
  2 deep elf sorcerers
  2 ghost moths (Spider:4)
  Louise (Depths:1)
  3 frost giants
  A war gargoyle (Hell)
  2 reapers (Hell)
  4 ironheart preservers
  6 stone giants
  5 very ugly things
  A draconian caller (Abyss:1)
  A deep elf demonologist (Elf:3)
  3 deep elf annihilators (Elf:3)
  2 lorocyprocas
  Azrael (Orc:4)
  2 ettins
  A deep elf death mage (Elf:1)
  Snorg (D:14)
  8 yaktaur captains
  3 deep elf high priests (Elf:3)
  2 fire dragons
  Josephine (Swamp:1)
  3 vault guards
  A rakshasa (Depths:1)
  An ice dragon (IceCv)
  Harold (D:10)
  18 hydras
  2 entropy weavers (Depths:1)
  6 centaur warriors
  A salamander stormcaller (D:15)
  10 dancing weapons (Elf:2)
  A deep troll shaman (Vaults:4)
  5 alligators
  A deep troll earth mage (Depths:1)
  An ogre mage (Vaults:4)
  A spriggan berserker (Depths:1)
  2 sun demons
  2 orc high priests
  A thrashing horror (Abyss:1)
  A fire crab (shapeshifter) (Vaults:3)
  An iron troll (Depths:1)
  5 hell knights (Hell)
  2 soul eaters (Hell)
  2 wretched stars (Abyss:1)
  2 unseen horrors
  10 deep elf knights
  2 fire crabs
  2 ice devils (Hell)
  An anaconda zombie (Hell)
  A giant orange brain (Vaults:2)
  3 wizards
  7 swamp dragons
  A hill giant (D:13)
  2 ice statues (Hell)
  2 orc knights
  5 deep elf summoners
  2 starcursed masses (Abyss:1)
  The ghost of Oddysee the Cleaver, an experienced MiFi of Ru (D:6)
  A mana viper (shapeshifter) (Depths:1)
  7 ironbrand convokers
  A harpy (shapeshifter) (Vaults:4)
  2 shambling mangroves (Swamp:4)
  4 large abominations
  A sphinx zombie (Hell)
  13 wolf spiders
  4 necromancers
  8 deep elf conjurers
  31 ugly things
  12 slime creatures
  2 orc sorcerers (Orc:4)
  An orb spider (shapeshifter) (Elf:1)
  3 worldbinders (Abyss:1)
  8 orb spiders
  3 griffons
  A human zombie (Vaults:2)
  6 cyclopes
  A moth of wrath (Spider:4)
  13 hornets
  A spriggan druid (Lair:8)
  5 elephants
  6 vault sentinels
  Maurice (Orc:4)
  An orange demon (Abyss:1)
  A rust devil (Hell)
  A guardian serpent (shapeshifter) (D:14)
  3 black mambas
  Psyche (D:10)
  A torpor snail (Lair:8)
  2 smoke demons (Abyss:1)
  4 kobold demonologists
  2 yaktaur zombies (Hell)
  4 komodo dragons
  A fire drake (Lair:6)
  18 yaktaurs
  10 spiny frogs
  A freezing wraith (Hell)
  A demonic crawler (Hell)
  A human skeleton (Vaults:2)
  3 ancient zymes (Abyss:1)
  6 deep elf priests
  A queen bee (Spider:2)
  2 trolls (D:12)
  4 hydra zombies (Hell)
  3 giant leeches
  3 polar bears (Lair:8)
  Grinder (D:4)
  6 two-headed ogres
  12 jumping spiders
  A two-headed ogre (shapeshifter) (Vaults:1)
  5 boulder beetles
  A hydra skeleton (Hell)
  A stone giant simulacrum (Vaults:2)
  5 bog bodies
  A tarantella (shapeshifter) (Elf:3)
  5 blink frogs
  18 redbacks
  A vampire (D:13)
  3 wraiths
  Sigmund (D:4)
  3 shadows
  10 trapdoor spiders
  A water elemental (Hell)
  14 tarantellas
  9 spriggans
  13 deep elf magi
  18 yaks
  A human (shapeshifter) (Vaults:3)
  2 basilisks
  A hungry ghost (D:13)
  3 hippogriffs (shapeshifter)
  16 vampire mosquitoes
  4 neqoxecs (Abyss:1)
  24 deep elf fighters
  13 insubstantial wisps
  2 mottled dragons (D:13)
  13 water moccasins
  A warg (Orc:3)
  11 swamp worms
  5 hippogriffs
  2 soldier ants
  A soldier ant (shapeshifter) (Vaults:4)
  6 spiders
  19 wolves
  4 hell hounds
  A spiny frog zombie (Hell)
  5 porcupines
  8 small abominations
  4 orc warriors
  A sky beast (D:12)
  3 black bears
  13 swamp drakes
  4 phantoms
  13 wasps
  11 ice beasts
  13 ogres
  10 boggarts
  6 crocodiles
  12 centaurs
  2 brain worms (Abyss:1)
  Blork the orc (D:4)
  3 elf zombies (Elf:1)
  17 giant frogs
  5 big kobolds
  A spiny frog simulacrum (Hell)
  4 water moccasin zombies (Ossuary)
  2 scorpions
  A troll skeleton (D:9)
  28 killer bees
  A spriggan skeleton (D:9)
  8 wights
  3 electric eels
  A giant frog zombie (D:10)
  A wasp zombie (D:8)
  3 crimson imps
  A human simulacrum (Vaults:1)
  7 hounds
  5 centaur skeletons
  3 quasits
  4 jellies
  11 orc wizards
  A hell rat (Lair:5)
  An iron imp (Abyss:1)
  6 iguanas
  16 orc priests
  Natasha (twice) (D:4)
  2 sheep (Lair:8)
  11 worker ants
  6 big kobold zombies (Ossuary)
  A hound skeleton (D:5)
  2 mummies (Ossuary)
  Robin (D:4)
  A worker ant zombie (D:10)
  18 adders
  23 river rats
  4 shadow imps
  9 white imps (Lair:3)
  An ufetubus (Abyss:1)
  2 oozes
  3 adder zombies
  An adder skeleton (D:4)
  4 worms
  2 giant geckos
  22 orcs
  10 bats
  A bat skeleton (D:5)
  A bat zombie (D:5)
  5 gnoll zombies (Ossuary)
  25 goblins
  21 hobgoblins
  9 jackals
  2 quokkas
  2 giant cockroaches
  3 giant newts
  4 hobgoblin zombies (Ossuary)
  47 kobolds
  7 kobold zombies (Ossuary)
  2 orc zombies (Ossuary)
  15 rats
  2 fungi
  7 plants
  4 starspawn tentacles (Abyss:1)
1168 creatures vanquished.

Vanquished Creatures (collateral kills)
  the Lernaean hydra (Swamp:4)
  Nikola (Elf:3)
  Arachne (Spider:2)
  Jorgrun (Spider:3)
  A deep elf master archer (Elf:3)
  A deep elf blademaster (Elf:3)
  Agnes (Spider:2)
  Donald (Orc:4)
  A ghost moth (Spider:4)
  4 deep elf sorcerers (Elf:3)
  2 emperor scorpions (Spider:4)
  A war gargoyle (Vaults:4)
  2 ironheart preservers
  6 stone giants
  A deep elf demonologist (Vaults:4)
  6 deep elf annihilators (Elf:3)
  An ettin (Depths:1)
  3 deep elf death magi (Elf:3)
  4 vault guards
  A great orb of eyes (Vaults:2)
  3 fire dragons
  3 yaktaur captains
  2 deep elf high priests (Elf:3)
  3 ice dragons
  6 hydras
  2 catoblepae
  A rakshasa (D:13)
  3 centaur warriors
  Erolcha (Orc:3)
  6 dancing weapons (Elf:2)
  The ghost of HEYYEYAAE the Gusty, an experienced HuAE of Vehumet (D:7)
  A deep troll earth mage (Depths:1)
  4 death yaks (Lair:4)
  2 ogre magi
  A tengu warrior (Depths:1)
  A salamander stormcaller (Vaults:2)
  A soul eater (Hell)
  10 deep elf knights
  Urug (D:14)
  2 deep troll shamans
  4 orc high priests
  Sonja (D:11)
  A small abomination (Elf:3)
  A deep troll (Vaults:4)
  2 iron trolls (Depths:1)
  9 hell knights (Hell)
  An ice devil (Hell)
  A flayed ghost (Vaults:1)
  5 ironbrand convokers
  A hill giant (D:13)
  3 orc knights
  4 deep elf summoners
  2 swamp dragons (Swamp:4)
  A necromancer (Elf:1)
  2 ice statues (IceCv)
  A giant orange brain (Vaults:1)
  10 orb spiders
  6 deep elf conjurers
  An orc sorcerer (Orc:4)
  3 cyclopes
  17 wolf spiders
  2 griffons
  2 manticores
  11 ugly things
  2 hornets
  An oklob plant (Lair:6)
  A black mamba (Lair:8)
  2 sixfirhies (Hell)
  A smoke demon (Abyss:1)
  10 elephants
  2 gargoyles
  6 vault sentinels
  A torpor snail (Spider:1)
  11 spiny frogs
  21 yaktaurs
  3 demonic crawlers
  2 centaur skeletons (D:14)
  5 komodo dragons
  A blue devil (Hell)
  2 tengu conjurers (Depths:1)
  8 deep elf priests
  A wind drake (shapeshifter) (Vaults:2)
  8 polar bears (Lair:8)
  A two-headed ogre (Vaults:4)
  2 freezing wraiths (Vaults:1)
  18 jumping spiders
  A blink frog (shapeshifter) (Vaults:2)
  2 trolls
  2 boulder beetles
  2 giant leeches (Swamp:1)
  2 bog bodies
  8 slime creatures
  19 redbacks
  10 blink frogs
  A water elemental (Hell)
  11 spriggans
  24 yaks
  12 trapdoor spiders
  2 hogs (shapeshifter)
  8 deep elf magi
  8 tarantellas
  3 wyverns
  3 wraiths
  4 vampire mosquitoes
  5 hippogriffs
  21 wolves
  12 insubstantial wisps
  3 wargs
  10 deep elf fighters
  A basilisk (Lair:2)
  10 water moccasins
  6 swamp worms
  5 porcupines
  9 hell hounds
  2 wasps
  A black bear (D:11)
  5 swamp drakes
  6 ice beasts
  8 orc warriors
  4 spiders
  A necrophage (D:11)
  7 boggarts
  11 crocodiles
  4 ogres
  4 big kobolds
  A brain worm (D:15)
  An elf zombie (Elf:1)
  2 centaurs
  4 giant frogs
  A wyvern skeleton (D:13)
  2 scorpions
  A wight (D:14)
  An electric eel (Spider:3)
  16 killer bees
  A hound (D:9)
  A wasp zombie (D:11)
  A crimson imp (D:13)
  3 centaur zombies
  15 orc priests
  An iguana (Lair:3)
  2 giant frog skeletons
  4 hell rats (Lair:5)
  3 worker ants
  5 sheep (Lair:8)
  17 orc wizards
  A worker ant zombie (D:8)
  An adder (D:10)
  17 river rats
  4 white imps
  2 shadow imps
  33 orcs
  4 hobgoblins
  A quokka (D:8)
  2 bats
  2 goblins
  14 kobolds
  2 briar patches (Swamp:4)
  A bush (Lair:6)
  21 fungi
  13 plants
751 creatures vanquished.

Vanquished Creatures (others)
  Boris (Vaults:2)
  A vault guard (Vaults:4)
  3 orc high priests
  A deep elf knight (Elf:2)
  An orc sorcerer (Vaults:2)
  2 spriggan druids
  An orb spider (Spider:4)
  6 orc knights
  A necromancer (Vaults:2)
  A jumping spider (Spider:4)
  A giant leech (Swamp:3)
  A redback (Spider:4)
  A trapdoor spider (Spider:4)
  2 tarantellas
  2 small abominations (Abyss:1)
  A neqoxec (Abyss:1)
  A naga (Elf:1)
  A spider (Spider:1)
  20 orc warriors
  37 orc priests
  A hound (D:4)
  23 orc wizards
  146 orcs
  Natasha (D:4)
  A giant cockroach (D:4)
  A giant newt (D:4)
  A lurking horror (Abyss:1)
  2 fungi
  2 lost souls (Hell)
  6 starspawn tentacles (Abyss:1)
  26 starspawn tentacle segments (Abyss:1)
295 creatures vanquished.

Grand Total: 2214 creatures vanquished

Notes
Turn   | Place    | Note
--------------------------------------------------------------
     0 | D:1      | WhatIsLove the Hill Orc Fighter began the quest for the Orb.
     0 | D:1      | Reached XP level 1. HP: 19/19 MP: 1/1
   188 | D:1      | Reached XP level 2. HP: 22/27 MP: 2/2
   276 | D:1      | Reached skill level 4 in Fighting
   648 | D:1      | Reached XP level 3. HP: 33/33 MP: 3/3
  1201 | D:2      | Reached skill level 1 in Dodging
  1287 | D:2      | Reached XP level 4. HP: 31/41 MP: 4/4
  1877 | D:3      | Reached XP level 5. HP: 33/47 MP: 5/5
  2281 | D:4      | Noticed Natasha
  2285 | D:4      | Killed Natasha
  2315 | D:4      | Noticed Grinder
  2326 | D:4      | Paralysed by Grinder for 5 turns
  2332 | D:4      | Killed Grinder
  2332 | D:4      | Reached skill level 5 in Fighting
  2332 | D:4      | Reached skill level 5 in Armour
  2332 | D:4      | Reached XP level 6. HP: 19/56 MP: 6/6
  2551 | D:4      | Noticed Robin
  2570 | D:4      | Killed Robin
  2621 | D:4      | Became a worshipper of Beogh the Brigand
  2641 | D:4      | Reached XP level 7. HP: 44/62 MP: 7/7
  2671 | D:4      | Noticed Sigmund
  2702 | D:4      | Killed Sigmund
  2702 | D:4      | Reached skill level 6 in Fighting
  2702 | D:4      | Reached skill level 5 in Axes
  2708 | D:4      | Got a polished ring mail
  2719 | D:4      | Identified the +3 ring mail "Tonomined" {rF+ Str+5} (You found it on level 4 of the Dungeon)
  3210 | D:4      | Acquired Beogh's first power
  3235 | D:4      | Noticed Natasha
  3237 | D:4      | Killed Natasha
  3239 | D:4      | Noticed Blork the orc
  3246 | D:4      | Killed Blork the orc
  3268 | D:4      | Got a smoking falchion
  3269 | D:4      | Identified the +5 falchion of Cexusch {venom, *Noise rElec rPois Dex+4} (You found it on level 4 of the Dungeon)
  3412 | D:4      | Killed Natasha
  3419 | D:5      | Entered Level 5 of the Dungeon
  3436 | D:5      | Found a sand-covered staircase.
  3441 | Ossuary  | Entered an ossuary
  3458 | Ossuary  | Reached XP level 8. HP: 71/71 MP: 8/8
  3538 | Ossuary  | Acquired Beogh's second power
  3827 | D:5      | Found Dobopp's Food Boutique.
  3905 | D:5      | Reached skill level 7 in Fighting
  4085 | D:5      | Acquired Beogh's third power
  4085 | D:5      | Reached skill level 5 in Shields
  4100 | D:5      | Got an ichor-stained dagger
  4338 | D:5      | Reached XP level 9. HP: 77/79 MP: 9/9
  4393 | D:5      | Found a shadowy altar of Dithmenos.
  5039 | D:6      | Found Utaeno's Armour Boutique.
  5099 | D:6      | Found a basalt altar of Yredelemnul.
  5105 | D:6      | Found a blossoming altar of Fedhas.
  5105 | D:6      | Found an opulent altar of Gozag.
  5116 | D:6      | Found an iron altar of Okawaru.
  5120 | D:6      | Found a sparkling altar of Nemelex Xobeh.
  5143 | D:6      | Found a burning altar of Makhleb.
  5173 | D:6      | Found Eklyjam Emm's Armour Shop.
  5193 | D:6      | Noticed Oddysee's ghost (experienced MiFi)
  5231 | D:6      | Killed Oddysee's ghost
  5231 | D:6      | Reached skill level 5 in Dodging
  5707 | D:6      | Reached skill level 1 in Invocations
  5751 | D:6      | Reached skill level 8 in Fighting
  5806 | D:6      | Found Kugytast's Armour Shoppe.
  6091 | D:7      | Acquired Beogh's fourth power
  6155 | D:7      | Found a staircase to the Ecumenical Temple.
  6376 | D:7      | Reached XP level 10. HP: 75/89 MP: 11/11
  6528 | D:7      | Gained Blodwig as an ally
  6556 | D:7      | Noticed HEYYEYAAE's ghost (experienced HuAE)
  6565 | D:7      | Killed HEYYEYAAE's ghost
  6975 | D:7      | Reached skill level 9 in Axes
  7184 | D:8      | Acquired Beogh's fifth power
  7945 | D:9      | Found a staircase to the Lair.
  8475 | D:9      | Reached skill level 5 in Invocations
  8492 | D:9      | Found a runed door.
  8696 | D:10     | Entered Level 10 of the Dungeon
  8726 | D:10     | Found Akhuec's Armour Shoppe.
  8746 | D:10     | Found Ateano's Food Shoppe.
  8776 | D:10     | Found a staircase to the Orcish Mines.
  8786 | D:10     | Found a roughly hewn altar of Beogh.
  8795 | D:10     | Gained Bogwald as an ally
  8818 | Orc:1    | Entered Level 1 of the Orcish Mines
  9048 | Orc:1    | Reached XP level 11. HP: 91/97 MP: 15/15
  9324 | Orc:2    | Found Zimikioh's Jewellery Boutique.
  9572 | Orc:2    | Noticed an orc high priest
  9575 | Orc:2    | Found a roughly hewn altar of Beogh.
  9575 | Orc:2    | Reached skill level 10 in Axes
  9589 | Orc:2    | Killed an orc high priest
  9847 | Orc:3    | Found a staircase to the Elven Halls.
  9859 | Orc:3    | Noticed Erolcha
  9868 | Orc:3    | Killed Erolcha
  9926 | Orc:3    | Gained Bogward as an ally
  9970 | Orc:3    | Your ally Bogward died
 10359 | D:6      | Bought the +13 chain mail of the Vaults {rF+} for 918 gold pieces
 10403 | D:6      | Bought the +2 pair of boots of Pathos {MR+ rCorr Dex+2} for 479 gold pieces
 10568 | D:10     | Gained Alork as an ally
 10647 | D:10     | Your ally Alork died
 10889 | Orc:3    | Noticed an orc knight
 10901 | Orc:3    | Killed an orc knight
 10913 | Orc:3    | Found a roughly hewn altar of Beogh.
 11087 | Orc:4    | Entered Level 4 of the Orcish Mines
 11087 | Orc:4    | Found Hairurobb's Book Emporium.
 11141 | Orc:4    | Noticed Azrael
 11147 | Orc:4    | Noticed Donald
 11148 | Orc:4    | Killed Azrael
 11161 | Orc:4    | Killed Donald
 11161 | Orc:4    | Reached skill level 10 in Fighting
 11161 | Orc:4    | Reached skill level 11 in Axes
 11411 | Orc:4    | Noticed a sun demon
 11415 | Orc:4    | Noticed an ice devil
 11415 | Orc:4    | Noticed an orc high priest
 11419 | Orc:4    | Killed a sun demon
 11425 | Orc:4    | Noticed a soul eater
 11426 | Orc:4    | Killed an orc high priest
 11433 | Orc:4    | Found Hestrihe's Assorted Antiques.
 11433 | Orc:4    | Found Raxidgh's General Store.
 11433 | Orc:4    | Found Kinesovu's Book Shop.
 11433 | Orc:4    | Noticed an orc high priest
 11433 | Orc:4    | Noticed an orc high priest
 11433 | Orc:4    | Noticed Maurice
 11437 | Orc:4    | Reached XP level 12. HP: 100/106 MP: 18/18
 11438 | Orc:4    | Killed an orc high priest
 11440 | Orc:4    | Killed Maurice
 11447 | Orc:4    | Killed an orc high priest
 11452 | Orc:4    | Killed an orc high priest
 11455 | Orc:4    | Found Faoj's Assorted Antiques.
 11474 | Orc:4    | Bought a scroll of identify for 62 gold pieces
 11474 | Orc:4    | Bought a scroll labeled JIER QERIVOGIH for 31 gold pieces
 11965 | Lair:1   | Entered Level 1 of the Lair of Beasts
 12900 | Lair:2   | Reached skill level 12 in Axes
 12907 | Lair:2   | Gained Wardok as an ally
 12911 | Lair:2   | Your ally Wardok died
 13018 | Lair:2   | Reached skill level 10 in Armour
 13020 | Lair:2   | Noticed Gastronok
 13035 | Lair:2   | Killed Gastronok
 13194 | Lair:2   | Gained Okrist as an ally
 13704 | Lair:3   | Found a frozen archway.
 13736 | Lair:3   | Noticed a seven-headed hydra
 13741 | IceCv    | Entered an ice cave
 13759 | IceCv    | Reached XP level 13. HP: 106/116 MP: 20/20
 13859 | IceCv    | Reached skill level 10 in Shields
 13870 | IceCv    | Reached skill level 10 in Invocations
 13888 | IceCv    | Reached skill level 13 in Axes
 13999 | IceCv    | Noticed an ice dragon
 14000 | IceCv    | Noticed an ice dragon
 14018 | IceCv    | Killed an ice dragon
 14018 | IceCv    | Reached skill level 1 in Evocations
 14024 | IceCv    | Killed an ice dragon
 14084 | IceCv    | Got a steaming crystal amulet
 14101 | IceCv    | Identified the amulet of Netaagu {Spirit rElec rC+ Int-5 SInv} (You found it in an ice cave)
 14227 | Lair:3   | Killed a ten-headed hydra
 14496 | Lair:3   | Your ally Bogwald died
 14714 | Lair:3   | Identified a scroll of acquirement
 15277 | Lair:4   | Found a staircase to the Swamp.
 15361 | Lair:4   | Found a blossoming altar of Fedhas.
 15661 | Lair:4   | Found a hole to the Spider Nest.
 15865 | Lair:5   | Got a fine chain mail
 15888 | Lair:5   | Identified the cursed +1 chain mail "Nutzeaco" {Dex+4 Slay+3} (You found it on level 5 of the Lair of Beasts)
 16075 | Lair:5   | Gained Brandogh as an ally
 16857 | Lair:6   | Gained Wulfoc as an ally
 17143 | Lair:6   | Found a viscous altar of Jiyva.
 17144 | Lair:6   | Found a staircase to the Slime Pits.
 17310 | Lair:7   | Reached skill level 14 in Axes
 17360 | Lair:7   | Reached XP level 14. HP: 121/125 MP: 20/22
 17887 | Lair:7   | Got a fine robe
 18368 | Lair:7   | Gained Boghold as an ally
 18372 | Lair:8   | Entered Level 8 of the Lair of Beasts
 18655 | Lair:8   | Gained Olfrun as an ally
 18657 | Lair:8   | Gained Bogrim as an ally
 18659 | Lair:8   | Your ally Olfrun died
 18667 | Lair:8   | Your ally Bogrim died
 19042 | Lair:8   | Your ally Brandogh died
 19514 | Lair:3   | Reached skill level 15 in Axes
 19734 | Orc:4    | Bought a jewelled storm dragon armour for 1530 gold pieces
 19744 | Orc:4    | Identified the cursed +0 storm dragon armour "Dekluv" {rElec Str+5 Dex-4} (You bought it in a shop on level 4 of the Orcish Mines)
 19755 | Orc:4    | Bought a scroll of identify for 36 gold pieces
 19755 | Orc:4    | Bought a scroll labeled CEKOFF UTIQOXA for 18 gold pieces
 19755 | Orc:4    | Bought a scroll of remove curse for 54 gold pieces
 19871 | Orc:4    | Gained mutation: Your magical capacity is low (-10% MP). [helix card]
 20013 | D:10     | Noticed Psyche
 20019 | D:10     | Killed Psyche
 20068 | D:10     | Found a basalt altar of Yredelemnul.
 20089 | D:10     | Found Hoixuho's Armour Emporium.
 20272 | D:10     | Noticed Harold
 20281 | D:10     | Killed Harold
 20390 | D:11     | Noticed Sonja
 20405 | D:11     | Cast into the Abyss (Sonja)
 20563 | Abyss:1  | Noticed a tentacled starspawn
 20902 | Abyss:1  | Noticed a tentacled monstrosity
 20921 | Abyss:1  | Noticed a red very ugly thing
 20921 | Abyss:1  | Noticed a red very ugly thing
 20937 | Abyss:1  | Gained mutation: You have a pair of small antennae on your head. [a neqoxec]
 21050 | Abyss:1  | Gained mutation: You evolve. [mutagenic meat]
 21226 | Abyss:1  | Noticed a tentacled starspawn
 21234 | Abyss:1  | Killed a tentacled starspawn
 21279 | Abyss:1  | Reached XP level 15. HP: 107/107 MP: 22/22
 21319 | Abyss:1  | Noticed an Executioner
 21334 | Abyss:1  | Killed an Executioner
 21544 | Abyss:1  | Noticed a tentacled starspawn
 21581 | Abyss:1  | Noticed a tentacled starspawn
 21589 | Abyss:1  | Killed a tentacled starspawn
 21596 | Abyss:1  | Killed a tentacled starspawn
 21711 | D:11     | Escaped the Abyss
 21711 | D:11     | Killed Sonja
 22170 | D:11     | Gained mutation: You are dopey. (Int -2) [evolution]
 22356 | D:11     | Reached skill level 1 in Long Blades
 22356 | D:11     | Reached skill level 16 in Axes
 22356 | D:11     | Reached XP level 16. HP: 142/144 MP: 23/23
 23046 | D:13     | Found a gate to the Vaults.
 23972 | D:14     | Gained Orkrul as an ally
 23997 | D:14     | Noticed Snorg
 24008 | D:14     | Killed Snorg
 24068 | D:14     | Noticed Urug
 24080 | D:14     | Killed Urug
 24357 | D:14     | Identified a +9 rod of shadows (13/13) (You found it on level 14 of the Dungeon)
 24553 | D:15     | Entered Level 15 of the Dungeon
 24576 | D:15     | Reached skill level 17 in Axes
 24713 | D:15     | Reached XP level 17. HP: 143/152 MP: 23/24
 24860 | D:15     | Found a staircase to the Depths.
 25149 | Elf:1    | Entered Level 1 of the Elven Halls
 25187 | Elf:1    | Lost intelligence.
 25187 | Elf:1    | Drew Focus: Str increased to 22, Int decreased to 7
 25191 | Elf:1    | Hired Ustieh the naga for 176 gold.
 25522 | Elf:1    | Got a warped ring mail
 25523 | Elf:1    | Identified the cursed +0 ring mail of Tenacity {Dex+4} (You found it on level 1 of the Elven Halls)
 25644 | Elf:1    | Your ally Ustieh died
 25749 | Elf:1    | Found Atsugod's Weapon Boutique.
 26066 | Elf:2    | Found a runed gate.
 26068 | Elf:2    | Found a runed gate.
 26071 | Elf:2    | Found a runed gate.
 26105 | Elf:2    | Found Onkatiam's Book Emporium.
 26361 | Elf:2    | Gained Grimold as an ally
 26361 | Elf:2    | Reached skill level 18 in Axes
 26364 | Elf:2    | Gained Wulfoc as an ally
 26366 | Elf:2    | Reached skill level 15 in Invocations
 27047 | Elf:3    | Entered Level 3 of the Elven Halls
 27126 | Elf:3    | Reached skill level 5 in Evocations
 27230 | Elf:3    | Noticed Nikola
 27242 | Elf:3    | Killed Nikola
 27632 | Elf:3    | Gained Orkrul as an ally
 27746 | Elf:3    | Noticed a deep elf master archer
 27763 | Elf:3    | Killed a deep elf master archer
 27768 | Elf:3    | Reached skill level 15 in Fighting
 27777 | Elf:3    | Reached XP level 18. HP: 62/163 MP: 8/26
 28157 | Elf:3    | Gained mutation: Your body sometimes deteriorates upon taking damage. [a cacodemon]
 28164 | Elf:3    | Lost mutation: Your body sometimes deteriorates upon taking damage. [potion of cure mutation]
 28164 | Elf:3    | Lost mutation: You are dopey. (Int -2) [potion of cure mutation]
 28164 | Elf:3    | Lost mutation: Your magical capacity is low (-10% MP). [potion of cure mutation]
 28164 | Elf:3    | Lost mutation: You evolve. [potion of cure mutation]
 28164 | Elf:3    | Lost mutation: You have a pair of small antennae on your head. [potion of cure mutation]
 28354 | Elf:3    | Gained Argrim as an ally
 28377 | Elf:3    | Gained Agrik as an ally
 28398 | Elf:3    | Noticed a deep elf blademaster
 28408 | Elf:3    | Gained Beowulf as an ally
 28412 | Elf:3    | Killed a deep elf blademaster
 28540 | Elf:3    | Got a slimy graven amulet
 28542 | Elf:3    | Identified the amulet "Zeahogh" {+Rage rF+ MP+9} (You found it on level 3 of the Elven Halls)
 28655 | Elf:3    | Got a shimmering plate armour
 28666 | Elf:3    | Identified the +13 plate armour of Zoti {Str+3} (You found it on level 3 of the Elven Halls)
 28730 | Elf:3    | Got a heavily runed glass ring
 28732 | Elf:3    | Identified the ring "Eprif" {Ice Slay+5} (You found it on level 3 of the Elven Halls)
 28787 | Elf:3    | Got a sparkling silver ring
 28805 | Elf:3    | Identified the ring "Zeng" {Ice Dex+4} (You found it on level 3 of the Elven Halls)
 28812 | Elf:3    | Identified the Tome of Enchantment (You found it on level 3 of the Elven Halls)
 28815 | Elf:3    | Identified the Papyrus of the Volcanoes and Battle Magic (You found it on level 3 of the Elven Halls)
 28898 | Elf:3    | Identified the Collected Works on Creative Confrontation (You found it on level 3 of the Elven Halls)
 29314 | Spider:1 | Entered Level 1 of the Spider Nest
 29351 | Spider:1 | Gained Oreg as an ally
 29627 | Spider:1 | Your ally Boghold died
 29878 | Spider:2 | Reached skill level 19 in Axes
 29885 | Spider:2 | Noticed Arachne
 29892 | Spider:2 | Killed Arachne
 29897 | Spider:2 | Noticed Asterion
 29904 | Spider:2 | Killed Asterion
 30148 | Spider:2 | Noticed Agnes
 30156 | Spider:2 | Killed Agnes
 30502 | Spider:3 | Got a slimy plate armour
 30568 | Spider:3 | Noticed Jorgrun
 30577 | Spider:3 | Killed Jorgrun
 30621 | Spider:3 | Reached skill level 15 in Armour
 30753 | Spider:3 | Identified the cursed +0 plate armour "Tyefick" {Regen+ rCorr Int+4} (You found it on level 3 of the Spider Nest)
 30894 | Spider:4 | Entered Level 4 of the Spider Nest
 31039 | Spider:4 | XOM: divination: detect creatures
 31095 | Spider:4 | Reached XP level 19. HP: 172/172 MP: 0/31
 31106 | Spider:4 | Got a gossamer rune of Zot
 31836 | Swamp:1  | Entered Level 1 of the Swamp
 32059 | Swamp:1  | Noticed Josephine
 32067 | Swamp:1  | Killed Josephine
 32451 | Swamp:1  | Reached skill level 20 in Axes
 32809 | Swamp:2  | Gained Olfrun as an ally
 32813 | Swamp:2  | Your ally Olfrun died
 34357 | Swamp:4  | Entered Level 4 of the Swamp
 34813 | Swamp:4  | Got a pitted lapis lazuli ring
 34815 | Swamp:4  | Identified the ring "Sommowkim" {rF+ Dex+2} (You found it on level 4 of the Swamp)
 35041 | Swamp:4  | Your ally Argrim died
 35047 | Swamp:4  | Noticed the 27-headed Lernaean hydra
 35047 | Swamp:4  | Your ally Orkrul died
 35050 | Swamp:4  | Your ally Agrik died
 35052 | Swamp:4  | Killed the 23-headed Lernaean hydra
 35507 | Swamp:4  | Got a decaying rune of Zot
 36141 | Vaults:1 | Entered Level 1 of the Vaults
 36215 | Vaults:1 | Got a crude glaive
 36216 | Vaults:1 | Identified the cursed +0 glaive "Niemeqor" {chop, rN++} (You found it on level 1 of the Vaults)
 36615 | Vaults:1 | Reached XP level 20. HP: 165/183 MP: 32/32
 37565 | Vaults:1 | Your ally Grimold died
 37568 | Vaults:1 | Your ally Oreg died
 37707 | Vaults:2 | Noticed Boris
 37712 | Vaults:2 | Gained Oruk as an ally
 37718 | Vaults:2 | Killed Boris
 37720 | Vaults:2 | Gained Ogrik as an ally
 37826 | Vaults:2 | Found a staircase to the Crypt.
 37826 | Vaults:2 | Found a basalt altar of Yredelemnul.
 37826 | Vaults:2 | Found an ancient bone altar of Kikubaaqudgha.
 38489 | Vaults:2 | Got a faintly glowing dagger
 38490 | Vaults:2 | Identified the +2 dagger of the Land of Plenty {pierce, +Blink Dex+2} (You found it on level 2 of the Vaults)
 38997 | Vaults:3 | Your ally Ogrik died
 39025 | Vaults:3 | Reached skill level 21 in Axes
 39203 | Vaults:3 | Gained Garbold as an ally
 39498 | Vaults:3 | Got a distressingly furry chain mail
 39499 | Vaults:3 | Identified the +1 chain mail of the Land of Plenty {Int+4} (You found it on level 3 of the Vaults)
 39636 | Vaults:3 | Noticed Xtahua
 39643 | Vaults:3 | Killed Xtahua
 40251 | Vaults:4 | Reached skill level 10 in Evocations
 40256 | Vaults:4 | Gained Borgoth as an ally
 40322 | Vaults:4 | Found Forrat's General Store.
 40325 | Vaults:4 | Bought a scroll of enchant armour for 157 gold pieces
 40613 | Vaults:4 | Your ally Oruk died
 40900 | Vaults:4 | Reached XP level 21. HP: 135/193 MP: 34/34
 41967 | Depths:1 | Entered Level 1 of the Depths
 41983 | Depths:1 | Noticed Louise
 41986 | Depths:1 | Found a one-way gate to the infinite horrors of the Abyss.
 41989 | Depths:1 | Killed Louise
 43003 | Depths:1 | Found a gateway to Hell.
 43014 | Depths:1 | Reached skill level 22 in Axes
 43081 | Hell     | Entered the Vestibule of Hell
 43081 | Hell     | Noticed Geryon
 43092 | Hell     | Noticed Murray
 43269 | Hell     | Gained mutation: You are weak. (Str -2) [a cacodemon]
 43461 | Hell     | Found a gateway to the freezing wastes of Cocytus.
 43537 | Hell     | Found a gateway to the Iron City of Dis.
 44155 | Hell     | Killed Murray
 44182 | Hell     | Mangled by a ghostly salamander firebrand

Vault maps used:
D:1:      saegor_arrival_simple_c, serial_bayou_pond_e, hex_tiny
D:2:      grunt_decor_fettered
D:4:      st_stairs_6, uniq_natasha, uniq_robin, uniq_grinder,
          uniq_blork_the_orc, uniq_sigmund
D:5:      grunt_dithmenos_shadows, first_bread, enter_ossuary_5, serial_shops,
          shop, kennysheep_nub
D:6:      lightli_temple_of_fire, minmay_overflow_temple_star_hex, serial_shops,
          shop, shop, kennysheep_little_box
D:7:      minmay_temple_entry_water_ring
D:8:      kennysheep_kobold_camp
D:9:      lair_0_dummy, hangedman_tell_no_tales
D:10:     minmay_orc_entry_temple_small, basic_altar, serial_shops, shop, shop,
          kennysheep_mini, uniq_harold, uniq_psyche
D:11:     uniq_sonja
D:13:     lightli_vaults_fourway_checkpoint
D:14:     minmay_evil_grid, uniq_snorg, uniq_urug
D:15:     grunt_enter_depths_snipers, grunt_decor_arrowhead,
          minmay_misc_feat_room
Lair:1:   st_stairs_10
Lair:2:   serial_bayou_shore_a, uniq_gastronok
Lair:3:   portal_ice_cave_entry_imps
Lair:4:   minmay_swamp_entry_wisps, dummy_spider_entry, tgw_fedhas
Lair:5:   minmay_stone_trees_medium, serial_bayou_shore_b
Lair:6:   dpeg_slime_entry_enclosed_altar, infiniplex_staircase_pool,
          serial_bayou_shore_b
Lair:8:   minmay_lair_end_enchanted_forest
Swamp:1:  nicolae_swamp_round_clearing, swamp_pool5, uniq_josephine
Swamp:2:  evilmike_swamp_ruin_house_3
Swamp:3:  evilmike_swamp_ruin_house_5, swamp_pool1, hangedman_swamp_diagram,
          grunt_witch_cave
Swamp:4:  swamp_old_school
Spider:2: special_room, uniq_arachne, uniq_agnes, uniq_asterion
Spider:3: uniq_jorgrun
Spider:4: grunt_spider_rune_parallel, spider_trap
Orc:1:    lemuel_statue_altar
Orc:2:    serial_shops, shop_statue, minmay_orc_temple_c
Orc:3:    nicolae_orc_accident_2, nicolae_orc_pool_cavern, uniq_erolcha
Orc:4:    st_orc_mages, serial_shops, nicolae_shop_stone, uniq_maurice,
          uniq_azrael, uniq_donald
Elf:1:    eino_elf_arrival_the_gate, serial_shops, shop, minmay_elf_necromancy,
          billiards_dpeg
Elf:2:    serial_shops, nicolae_shop_waterfront
Elf:3:    minmay_elf_hall_dome, hangedman_elf_simple_split, st_stairs_7,
          uniq_nikola
Vaults:1: grunt_vaults_trifunnel, v_alt_pattern_5, vaults_room_grid,
          vaults_room_boxed, ontoclasm_vaults_claustrophobia,
          ontoclasm_vaults_ring_small, v_pattern_1, v_rooms_4,
          ontoclasm_vaults_gateway, ontoclasm_vaults_eye,
          vaults_mumra_chevron_long, ontoclasm_vaults_gallery
Vaults:2: vaults_room_grid, v_alt_pattern_4, grunt_vaults_diagonal, v_misc_14,
          v_misc_28, dpeg_vaults_monster_box, st_more_cells,
          minmay_crypt_entry_necro_gods, nicolae_vaults_little_squares_2,
          hangedman_vaults_stream, ontoclasm_vaults_hangar,
          vaults_mumra_chevron, v_misc_17, nicolae_vaults_shelves_hall,
          uniq_boris
Vaults:3: nicolae_vaults_twisting_passages, v_misc_19,
          nicolae_vaults_statue_guard, hangedman_vaults_trim, v_misc_30,
          ontoclasm_vaults_idyll, v_misc_25, v_misc_28, v_misc_2,
          nicolae_vaults_little_squares_1, nicolae_vaults_angled_halls,
          vaults_room_semicircle, uniq_xtahua
Vaults:4: vaults_room_corners, grunt_vaults_twisty, grunt_vaults_swirl,
          ontoclasm_vaults_spin, v_misc_26, nicolae_vaults_theta, serial_shops,
          nicolae_shop_behind_doors
Depths:1: nicolae_abyss_entry_one_way_or_another, pf_vacation_house_of_asmodeus,
          basic_altar, serial_shops, shop_coins, grunt_ministairs_2,
          nicolae_for_you_no_charge, grunt_megastairs_2
Ossuary:  ossuary_tomb_2
IceCv:    ice_cave_small_dragons

Action                   |  1- 3 |  4- 6 |  7- 9 | 10-12 | 13-15 | 16-18 | 19-21 || total
-------------------------+-------+-------+-------+-------+-------+-------+-------++-------
Melee: War axe           |    95 |   102 |   388 |   653 |   578 |       |       ||  1816
       Broad axe         |       |       |       |       |   257 |    19 |    31 ||   307
       Battleaxe         |       |       |       |       |       |   776 |   475 ||  1251
       Executioner's axe |       |       |       |       |       |       |   470 ||   470
Invok: Convert to Beogh  |       |     1 |       |       |       |       |       ||     1
       Recall Orcish Fol |       |       |       |     7 |    16 |    22 |    42 ||    87
       Give Item to Name |       |       |       |     1 |     3 |     6 |     3 ||    13
       Smiting           |       |       |       |     4 |    16 |    29 |     8 ||    57
       Stop Recall       |       |       |       |       |       |     1 |       ||     1
Evoke: Wand              |       |     4 |     6 |     4 |    20 |     4 |     3 ||    41
       Deck              |       |       |       |       |     6 |    10 |    24 ||    40
       Box of beasts     |       |       |       |       |     1 |     2 |       ||     3
       Sack of spiders   |       |       |       |       |       |     5 |     5 ||    10
  Use: Potion            |       |     1 |     4 |       |     3 |     2 |    10 ||    20
       Scroll            |       |       |     8 |     8 |    23 |     6 |    18 ||    63
 Stab: Distracted        |       |       |       |    13 |    19 |    19 |    12 ||    63
       Sleeping          |       |       |       |     1 |       |       |       ||     1
       Betrayed ally     |       |       |       |       |     1 |       |       ||     1
       Invisible         |       |       |       |       |     2 |       |     3 ||     5
       Confused          |       |       |       |       |       |       |     2 ||     2
       Fleeing           |       |       |       |       |       |       |     1 ||     1
  Eat: Chunk             |     1 |     5 |     8 |    23 |    15 |    18 |    29 ||    99
       Meat ration       |       |       |     1 |     1 |       |     3 |     3 ||     8
       Beef jerky        |       |       |       |     1 |     2 |       |     2 ||     5
       Pizza             |       |       |       |     1 |     1 |     3 |       ||     5
       Fruit             |       |       |       |     1 |       |     1 |       ||     2
       Royal jelly       |       |       |       |       |     3 |     1 |       ||     4
